 Dungeon Crawl Stone Soup version 0.29-a0-323-g050149af67 (webtiles) character file.

Game seed: 9355462255986388131

355 Murumi the Sneak (level 6, -1/35 HPs)
             Began as a Vampire Enchanter on Apr 12, 2022.
             Slain by P0WERM0DE's ghost (9 damage)
             ... on level 4 of the Dungeon.
             The game lasted 00:13:31 (4203 turns).

Murumi the Sneak (Vampire Enchanter)                Turns: 4203, Time: 00:13:32

Health: -1/35      AC:  8    Str:  7    XL:     6   Next: 36%
Magic:  9/9        EV: 12    Int: 17    God:
Gold:   35         SH:  0    Dex: 17    Spells: 7/9 levels left

rFire   . . .      SeeInvis +   a - +2 dagger
rCold   + + .      Faith    .   (no shield)
rNeg    + + +      Spirit   .   b - +0 robe
rPois   ∞          Reflect  .   q - +0 helmet
rElec   .          Harm     .   l - +0 cloak
rCorr   .          Rampage  +   f - +0 pair of gloves
Will    .....                   e - +2 pair of boots {rampage}
Stlth   ++++++....              (no amulet)
HPRegen 0.00/turn               (no ring)
MPRegen 0.11/turn               (no ring)

@: bloodless, inhibited regen
A: bloodless, fangs 3, see invisible, vampiric 2
a: Bat Form, Revivify


You were on level 4 of the Dungeon.
You visited 1 branch of the dungeon, and saw 4 of its levels.

You collected 136 gold pieces.
You spent 101 gold pieces at shops.

Inventory:

Hand Weapons
 a - a +2 dagger (weapon)
Armour
 b - a +0 robe (worn)
 e - a +2 pair of boots of rampaging (worn)
 f - a +0 pair of gloves (worn)
 l - a +0 cloak (worn)
 q - a +0 helmet (worn)
Wands
 i - a wand of iceblast (9)
Scrolls
 m - 2 scrolls of magic mapping
 o - 2 scrolls of teleportation
 p - a scroll of enchant weapon
Potions
 c - 2 potions of invisibility
 d - a potion of brilliance
 g - 3 potions of curing
 h - a potion of heal wounds
 j - a potion of berserk rage {unknown}
 k - a potion of mutation {unknown}
 n - 2 potions of attraction {unknown}


   Skills:
 - Level 2.0 Fighting
 - Level 3.0 Short Blades
 - Level 1.0 Armour
 - Level 2.1 Dodging
 + Level 7.9 Stealth
 - Level 2.0 Spellcasting
 - Level 6.0 Hexes
 - Level 1.0 Ice Magic


You had 7 spell levels left.
You knew the following spells:

 Your Spells              Type           Power      Damage    Failure   Level
a - Ensorcelled Hibernat  Hex/Ice        26%        N/A       7%          2

Your spell library contained the following spells:

 Spells                   Type           Power      Damage    Failure   Level
 Confusing Touch          Hex            22%        N/A       4%          3
 Tukima's Dance           Hex            22%        N/A       4%          3
 Dazzling Flash           Conj/Hex       22%        N/A       17%         3
 Corpse Rot               Necr/Air       2%         N/A       28%         2
 Poisonous Vapours        Pois/Air       2%         N/A       28%         2
 Sublimation of Blood     Necr           1%         N/A       28%         2
 Petrify                  Tmut/Erth      1%         N/A       88%         4
 Irradiate                Conj/Tmut      0%         3d13      99%         5


Dungeon Overview and Level Annotations

Branches:
Dungeon (4/15)
 Temple: D:4-7

Altars:
Cheibriados
Zin
The Shining One

Shops:
D:2 [   D:4 ((*::!

Annotations:
D:4 P0WERM0DE's ghost, amateur DsAK


Innate Abilities, Weirdness & Mutations

You do not regenerate when monsters are visible.
You are frail without blood (-20% HP).
You can heal yourself when you bite living creatures.
You are immune to poison.
You have razor-sharp teeth.
You have supernaturally acute eyesight. (SInv)
You are afflicted with vampirism and can become a bat while bloodless.


Message History

There is an entrance to Zin's Purification Station here.
You open the door.
There is an open door here.
i - a wand of iceblast (9)
The goblin shouts!
A hound comes into view.
You rampage towards the hound!
You rampage towards the hound!
The helpless hound fails to defend itself.
You bite the hound, and draw its blood! You spit the hound like a pig!!!
You kill the hound!
The orc shouts!
Items here: ))) [ ÷÷.
Items here: )) [[ ÷.
There is a stone staircase leading up here.
There is a stone staircase leading up here.
Items here: )) [[.
Items here: ))) [.
You open the gate.
P0WERM0DE's ghost attacks as you move away!
P0WERM0DE's ghost misses you.
P0WERM0DE's ghost attacks as you move away!
P0WERM0DE's ghost hits you. Space warps horribly around you!
P0WERM0DE's ghost attacks as you move away!
P0WERM0DE's ghost closely misses you.
P0WERM0DE's ghost attacks as you move away!
P0WERM0DE's ghost barely misses you.
P0WERM0DE's ghost attacks as you move away!
P0WERM0DE's ghost hits you but does no damage.
P0WERM0DE's ghost attacks as you move away!
P0WERM0DE's ghost hits you!
* * * LOW HITPOINT WARNING * * *
You blink.
Casting: Ensorcelled Hibernation (safe; 7% risk of failure)
Confirm with . or Enter, or press ? or * to list all spells.
You don't know that spell.
This spell is dangerous to cast!
Memorise Confusing Touch, consuming 3 spell levels and leaving 4?
P0WERM0DE's ghost hits you!
Your memorisation is interrupted.
You die...

#.# #...............#♣
#.# #...............#
#)# #.#######......##
#.# #.# #...[..# #.# #.#
######## #.# #.#
############ #.# #.#
#........... #.# #.#
#.########.. #.# #@#
#.#......... #.# #W###
#.#.#....... #.# #...#
#.#.#.###... #.#
#.#.###.#.#.#..... #.#
#................# #.#
#................. #.#
#..#########......
#.#####..#g......#....<#
#.#......#...#...#...###


You could see P0WERM0DE's ghost.

Vanquished Creatures
  A hound (D:4)
  A jelly (D:4)
  2 orc priests (D:4)
  2 iguanas (D:4)
  An orc wizard (D:4)
  Natasha (thrice) (D:2)
  4 adders
  3 dart slugs
  2 orcs (D:4)
  4 ball pythons
  5 endoplasms
  3 giant cockroaches
  A goblin (D:2)
  A hobgoblin (D:2)
  3 jackals (D:1)
  4 kobolds
  4 quokkas
  3 bats
  2 frilled lizards (D:1)
  5 rats
54 creatures vanquished.

Notes
Turn   | Place    | Note
-------+----------+-------------------------------------------
     0 | D:1      | Murumi the Vampire Enchanter began the quest for the Orb.
     0 | D:1      | Reached XP level 1. HP: 13/13 MP: 3/3
   143 | D:1      | Reached skill level 5 in Stealth
   211 | D:1      | Reached XP level 2. HP: 15/15 MP: 5/5
   247 | D:1      | Learned a level 2 spell: Ensorcelled Hibernation
   549 | D:1      | Found a faded altar of an unknown god.
  1026 | D:2      | Found Usepruta's Armour Shop.
  1038 | D:2      | Reached skill level 5 in Hexes
  1068 | D:2      | Reached skill level 1 in Fighting
  1068 | D:2      | Gained mutation: You are afflicted with vampirism and can
                  | become a bat while bloodless. [Vampire growth]
  1068 | D:2      | Reached XP level 3. HP: 20/20 MP: 3/6
  1176 | D:2      | Bought a +0 pair of gloves for 45 gold pieces
  1231 | D:2      | Reached skill level 1 in Ice Magic
  1372 | D:2      | Noticed Natasha
  1379 | D:2      | Killed Natasha
  1380 | D:2      | Reached XP level 4. HP: 26/26 MP: 7/7
  1717 | D:2      | Noticed Natasha
  1723 | D:2      | Killed Natasha
  1901 | D:2      | Noticed Natasha
  1908 | D:2      | Killed Natasha
  1909 | D:2      | Reached skill level 6 in Stealth
  2079 | D:2      | Found Usepruta's Armour Shop.
  2683 | D:3      | Found a snail-covered altar of Cheibriados.
  2985 | D:3      | Reached XP level 5. HP: 30/30 MP: 5/8
  3069 | D:2      | Bought a +0 helmet for 45 gold pieces
  3404 | D:4      | Found Saneloc's Distillery.
  3405 | D:4      | Found Lonod's Book Shop.
  3407 | D:4      | Found Ykoosaer's Book Shoppe.
  3407 | D:4      | Found Nyth's Weapon Shoppe.
  3407 | D:4      | Found Bepean's Antique Weapon Boutique.
  3463 | D:4      | Reached skill level 1 in Armour
  3641 | D:4      | Reached skill level 7 in Stealth
  3679 | D:4      | Bought a potion of degeneration for 11 gold pieces
  3699 | D:4      | Reached XP level 6. HP: 29/35 MP: 2/9
  3983 | D:4      | Found a runed translucent gate.
  3983 | D:4      | Found a runed translucent gate.
  3983 | D:4      | Found a runed translucent gate.
  3988 | D:4      | Noticed P0WERM0DE's ghost (amateur DsAK)
  3994 | D:4      | Found Zin's Purification Station.
  4203 | D:4      | Slain by P0WERM0DE's ghost

Illustrated notes

Levels and vault maps discovered:
D:1:      lightli_arrival_statuegarden, layout_loops_corners,
          basic_ecumenical_altar
D:2:      layout_basic, serial_shops, nicolae_shop_statue_plus, uniq_natasha
D:3:      layout_loops_cross, mainiacjoe_overflow_alcove_1
D:4:      layout_basic, zin_purify, mainiacjoe_overflow_small_starburst,
          gammafunk_ghost_split, nicolae_wooded_promenade

Skill      XL: |  1  2  3  4  5  6 |
---------------+-------------------+-----
Stealth        | 5 6 7 |  7.9
Short Blades   | 2 3 |  3.0
Hexes          | 5 6 |  6.0
Fighting       | 1 2 |  2.0
Ice Magic      | 1 |  1.0
Armour         | 1 |  1.0
Dodging        | |  2.1
Spellcasting   | |  2.0

Action                   |  1- 3 |  4- 6 || total
-------------------------+-------+-------++-------
Melee: Dagger            |    27 |    51 ||    78
       Bite              |     1 |     3 ||     4
 Cast: Ensorcelled Hiber |     2 |    21 ||    23
 Abil: Exsanguinate      |     1 |       ||     1
  Use: Scroll            |     5 |     5 ||    10
 Stab: Sleeping          |    18 |    28 ||    46
Armor: Robe              |       |     9 ||     9
Dodge: Dodged            |     3 |    14 ||    17

Table legend: (Time is in decaauts)
 A = Elapsed time spent in this place.
 B = Non-inter-level travel time spent in this place.
 C = Inter-level travel time spent in this place.
 D = Time resting spent in this place.
 E = Time spent auto-exploring this place.
 F = Levels seen in this place.
 G = Mean time per level.
                   A        B        C        D        E       F      G
               +--------+--------+--------+--------+--------+-----+--------+
         Total |   4210 |   3757 |    453 |     20 |   3258 |   4 | 1052.5 |
       Dungeon |   4210 |   3757 |    453 |     20 |   3258 |   4 | 1052.5 |
               +--------+--------+--------+--------+--------+-----+--------+

Top non-repeatable levels by time:
     D:2: 1424 daAuts
     D:1: 1020 daAuts
     D:3: 932 daAuts
     D:4: 833 daAuts
